 Dungeon Crawl Stone Soup version 0.18.1-6-gd335043 (webtiles) character file.

166 tbh1313 the Conjurer (level 5, -3/28 HPs)
             Began as a Deep Elf Conjurer on May 21, 2016.
             Killed by divine providence
             ... invoked by an orc priest
              (15 damage)
             ... on level 4 of the Dungeon.
             The game lasted 00:07:37 (2519 turns).

tbh1313 the Conjurer (Deep Elf Conjurer)            Turns: 2519, Time: 00:07:37

Health: -3/28      AC:  6    Str:  5    XL:     5   Next: 22%
Magic:  2/11       EV: 13    Int: 21    God:
Gold:   242        SH:  0    Dex: 15    Spells: 3 memorised, 2 levels left

rFire  . . .     SeeInvis .     w - +0 rapier
rCold  . . .     Gourm    .     a - +0 robe
rNeg   . . .     Faith    .     (no shield)
rPois  .         Spirit   .     v - +0 helmet
rElec  .         Dismiss  .     j - +2 cloak
rCorr  .         Reflect  .     (no gloves)
SustAt .         Harm     .     (no boots)
MR     .....                    f - amulet of rage
Stlth  ++........               (no ring)
                                (no ring)

@: not resistant to hostile enchantments, unstealthy
A: no striking features
a: Evoke Berserk Rage


You were on level 4 of the Dungeon.
You were hungry.

You visited 1 branch of the dungeon, and saw 5 of its levels.

You collected 242 gold pieces.

Inventory:

Hand Weapons
 g - a +0 dagger
 w - a +0 rapier (weapon)
Armour
 a - a +0 robe (worn)
 j - a +2 cloak (worn)
 v - a +0 helmet (worn)
Jewellery
 f - an amulet of rage (around neck)
 k - a -3 ring of dexterity
Wands
 t - a wand of flame (30/48)
Scrolls
 r - 3 scrolls of remove curse
Potions
 e - a potion of invisibility {unknown}
 i - a potion of magic {unknown}
 l - a potion of flight {unknown}
 n - a potion of brilliance
 o - a potion of lignification
 p - a potion of resistance {unknown}
 q - a potion of curing {unknown}
 s - 2 potions of degeneration {unknown}
 u - a potion of berserk rage {unknown}
Books
 b - a book of Conjurations

   Spells                             Type                      Level
   a - Magic Dart                     Conjuration                  1
   b - Searing Ray                    Conjuration                  2
   c - Dazzling Spray                 Conjuration/Hexes            3
   d - Fulminant Prism                Conjuration/Hexes            4
   e - Iskenderun's Mystic Blast      Conjuration                  4
   f - Iskenderun's Battlesphere      Conjuration/Charms           5
Comestibles
 c - 3 bread rations
 d - 2 beef jerkies
 h - a meat ration
 m - 9 fruits


   Skills:
 * Level 0.4 Short Blades
 + Level 2.4 Dodging
 - Level 2.4 Stealth
 - Level 3.0 Spellcasting
 - Level 7.1 Conjurations


You had 2 spell levels left.
You knew the following spells:

 Your Spells              Type           Power        Failure   Level  Hunger
a - Magic Dart            Conj           ####         1%          1    None
b - Iskenderun's Mystic   Conj           ####....     10%         4    ####...
c - Dazzling Spray        Conj/Hex       ###.....     12%         3    ###....


Dungeon Overview and Level Annotations

Branches:
Dungeon (5/15)
 Temple: D:4-7

Altars:
Gozag
Nemelex Xobeh
Okawaru
Qazlal
Trog


Message History

Casting: Magic Dart
Confirm with . or Enter, or press ? or * to list all spells.
Aiming: Dazzling Spray
Press: ? - help, Shift-Dir - straight line, f - orc priest, p - orc priest
Aim: an orc priest, wearing a chain mail (lightly wounded)
The spray of energy hits the orc priest.
The orc priest is severely wounded.
The hound skeleton closely misses you. The orc priest barely misses you.
The hound skeleton bites you.
Casting: Dazzling Spray
Confirm with . or Enter, or press ? or * to list all spells.
Aiming: Magic Dart
Press: ? - help, Shift-Dir - straight line, f/p - orc priest
Aim: an orc priest, wearing a chain mail (severely wounded)
The magic dart hits the orc priest.
The orc priest is severely wounded.
The orc priest calls down the wrath of Beogh upon you.
Beogh smites you!
Ouch! That really hurt!
You die...

####.### #...# .)..
###.##.# ### .#.
#.#... ... .. .
#.#..## ##.###.## .#
#.#..#.......... .#
#.#..#...###..###..#
#.#..#....[.o.>....##
#.#..#...o.@..........
#........###Z.........
###.##..## ##.########
#.##..#####.# ##
#............
#...###..######.#
#####...............#
....#...###..########
###.##.# #..#


You could see 2 orc priests and a hound skeleton.

Vanquished Creatures
  An orc wizard (D:3)
  4 adders
  2 oozes (D:1)
  A worm (D:3)
  An adder skeleton (D:4)
  3 dart slugs
  A giant gecko (D:1)
  9 orcs
  4 ball pythons
  4 bats
  A giant cockroach (D:3)
  5 goblins
  9 hobgoblins
  8 jackals
  2 quokkas (D:2)
  A giant gecko skeleton (D:4)
  3 giant newts
  6 kobolds
  5 rats
70 creatures vanquished.

Notes
Turn   | Place    | Note
--------------------------------------------------------------
     0 | D:1      | tbh1313 the Deep Elf Conjurer began the quest for the Orb.
     0 | D:1      | Reached XP level 1. HP: 10/10 MP: 6/6
    63 | D:1      | Reached skill level 5 in Conjurations
    63 | D:1      | Reached XP level 2. HP: 11/15 MP: 0/8
   653 | D:2      | Reached XP level 3. HP: 19/19 MP: 7/9
   992 | D:2      | Found an iron altar of Okawaru.
  1077 | D:2      | Reached skill level 6 in Conjurations
  1272 | D:3      | Reached XP level 4. HP: 24/24 MP: 7/10
  1631 | D:3      | Learned a level 4 spell: Iskenderun's Mystic Blast
  1635 | D:3      | Learned a level 3 spell: Dazzling Spray
  1991 | D:3      | Reached XP level 5. HP: 28/28 MP: 9/11
  2009 | D:3      | Reached skill level 7 in Conjurations
  2031 | D:3      | Found a stormy altar of Qazlal.
  2049 | D:3      | Found an opulent altar of Gozag.
  2052 | D:3      | Found a bloodstained altar of Trog.
  2134 | D:3      | Found a sparkling altar of Nemelex Xobeh.
  2439 | D:5      | Entered Level 5 of the Dungeon
  2519 | D:4      | Killed from afar by an orc priest

Skill      XL: |  1  2  3  4  5 |
---------------+----------------+-----
Conjurations   | 5 6 7 |  7.1
Short Blades   | |  0.4
Dodging        | |  2.4
Stealth        | |  2.4
Spellcasting   | |  3.0

Action                   |  1- 3 |  4- 6 || total
-------------------------+-------+-------++-------
Melee: Dagger            |    13 |     9 ||    22
       Rapier            |       |     1 ||     1
 Cast: Magic Dart        |    72 |    83 ||   155
       Dazzling Spray    |       |     1 ||     1
  Use: Scroll            |     9 |     3 ||    12
 Stab: Sleeping          |     1 |       ||     1
  Eat: Chunk             |     1 |     3 ||     4
Armor: Robe              |     3 |     8 ||    11
Dodge: Dodged            |     8 |    23 ||    31
